 Dungeon Crawl Stone Soup version 0.19.5 (console) character file.

385 Grinner the Cutter (level 6, -3/51 HPs)
             Began as a Minotaur Transmuter on Mar 15, 2017.
             Slain by a kobold
             ... wielding a +0 whip
              (4 damage)
             ... in a sewer.
             The game lasted 00:05:59 (2509 turns).

Grinner the Cutter (Minotaur Transmuter)            Turns: 2509, Time: 00:05:59

Health: -3/51      AC:  3    Str: 15    XL:     6   Next: 48%
Magic:  7/7        EV: 12    Int: 19    God:
Gold:   116        SH:  0    Dex: 12    Spells: 1 memorised, 6 levels left

rFire  . . .     SeeInvis .     l - +3 short sword
rCold  . . .     Gourm    .     b - +0 robe
rNeg   . . .     Faith    .     (no shield)
rPois  .         Spirit   .     (helmet restricted)
rElec  .         Reflect  .     (no cloak)
rCorr  .         Harm     .     (no gloves)
MR     .....                    i - +0 pair of boots
Stlth  +.........               (no amulet)
                                (no ring)
                                f - +4 ring of intelligence

@: brilliant, lethally poisoned (-3 -> -5), very slightly contaminated, hasted,
very quick
A: retaliatory headbutt, horns 2
a: no special abilities


You were in a sewer.
You were not hungry.

You visited 1 branch of the dungeon, and saw 3 of its levels.
You also visited: Sewer.

You collected 116 gold pieces.

Inventory:

Hand Weapons
 l - a +3 short sword (weapon)
Missiles
 a - 30 arrows
Armour
 b - a +0 robe (worn)
 i - a +0 pair of boots (worn)
Jewellery
 f - a +4 ring of intelligence (left hand)
Scrolls
 h - a scroll of recharging {unknown}
 j - a scroll of fog {unknown}
 k - a scroll of immolation {unknown}
 n - a scroll of enchant armour {unknown}
 o - a scroll of enchant weapon {unknown}
 q - a scroll of amnesia
 r - a scroll of remove curse {unknown}
Books
 c - a book of Changes

   Spells                             Type                      Level
   a - Beastly Appendage              Transmutation                1
   b - Sticks to Snakes               Transmutation                2
   c - Spider Form                    Transmutation/Poison         3
   d - Ice Form                       Ice/Transmutation            4
   e - Blade Hands                    Transmutation                5
Comestibles
 d - a bread ration
 g - 6 fruits


   Skills:
 - Level 3.6 Fighting
 + Level 6.4 Short Blades
 - Level 2.1 Dodging
 - Level 3.2 Unarmed Combat
 - Level 1.3 Spellcasting
 - Level 1.5 Transmutations


You had 6 spell levels left.
You knew the following spells:

 Your Spells              Type           Power        Failure   Level  Hunger
a - Beastly Appendage     Tmut           ###...       1%          1    ##.....


Dungeon Overview and Level Annotations

Branches:
Dungeon (3/15)

Altars:
Hepliaklqana
Uskayaw


Innate Abilities, Weirdness & Mutations

You reflexively headbutt those who attack you in melee.
You have a pair of horns on your head.


Message History

The big kobold hits you with a whip!
* * * LOW HITPOINT WARNING * * *
You are too injured to fight recklessly!
Okay, then.
You feel yourself speed up. The big kobold hits you with a whip!
* * * LOW HITPOINT WARNING * * *
You are very lightly contaminated with residual magic.
Press: ? - help, v - describe, . - travel Some shallow water.
The kobold unwields an uncursed club.
The kobold wields a blowgun.
The kobold shoots a poisoned needle.
The poisoned needle hits you.
You are lethally poisoned!
The kobold closely misses you.
You see here a poisoned needle.
Okay, then.
You feel clever all of a sudden.
* * * LOW HITPOINT WARNING * * *
You feel sick.
The big kobold throws a stone.
The stone barely misses you. The kobold hits you with a whip.
You die...

#≈# #≈# #≈# #≈# #≈# #≈#
#≈# ##≈#########
#######(≈..≈(@KK.#
####......≈≈.≈≈≈KK≈≈#
≈≈≈≈≈≈≈≈≈≈≈≈≈≈≈≈≈≈≈≈#
≈≈≈≈≈≈≈≈≈≈≈≈≈≈≈≈≈≈≈.....
≈≈≈≈≈≈≈≈≈≈≈≈≈≈≈≈≈≈≈≈#....
####.....≈≈...≈≈≈≈≈.# ...
###.###.....≈≈...# ## #∩#
############ ###


You could see a big kobold and 3 kobolds.

Vanquished Creatures
  The ghost of FelipeSwartz the Pure, an amateur DsAK of Lugonu (D:3)
  An orc wizard (D:3)
  6 adders
  An ooze (D:1)
  2 worms (D:2)
  2 dart slugs (D:1)
  7 leopard geckos
  3 orcs (D:3)
  9 bats
  7 giant cockroaches
  4 goblins
  9 hobgoblins
  13 jackals
  7 kobolds
  6 rats
78 creatures vanquished.

Notes
Turn   | Place    | Note
-------+----------+-------------------------------------------
     0 | D:1      | Grinner the Minotaur Transmuter began the quest for the Orb.
     0 | D:1      | Reached XP level 1. HP: 16/16 MP: 1/1
   112 | D:1      | Reached XP level 2. HP: 15/25 MP: 3/3
   937 | D:1      | Reached XP level 3. HP: 27/31 MP: 4/4
  1081 | D:2      | Reached skill level 1 in Short Blades
  1166 | D:2      | Reached skill level 2 in Short Blades
  1170 | D:2      | Reached XP level 4. HP: 17/39 MP: 5/5
  1311 | D:2      | Noticed a hand axe
  1312 | D:2      | Found a hide-covered altar of Uskayaw.
  1312 | D:2      | Noticed a hand axe
  1574 | D:2      | Found a hazy altar of Hepliaklqana.
  1585 | D:2      | Reached skill level 3 in Short Blades
  2258 | D:3      | Reached skill level 4 in Short Blades
  2258 | D:3      | Reached XP level 5. HP: 16/45 MP: 6/6
  2334 | D:3      | Noticed FelipeSwartz's ghost (amateur DsAK)
  2340 | D:3      | Killed FelipeSwartz's ghost
  2340 | D:3      | Reached skill level 6 in Short Blades
  2340 | D:3      | Reached XP level 6. HP: 29/51 MP: 7/7
  2366 | D:3      | Found a faded altar of an unknown god.
  2410 | D:3      | Found a glowing drain.
  2423 | Sewer    | Entered a sewer
  2506 | Sewer    | HP: 2/51 [big kobold/whip (11)]
  2509 | Sewer    | Slain by a kobold

Skill      XL: |  1  2  3  4  5 |
---------------+----------------+-----
Fighting       | 2 3 |  3.6
Short Blades   | 2 4 6 |  6.4
Dodging        | |  2.1
Unarmed Combat | |  3.2
Spellcasting   | |  1.3
Transmutations | |  1.5

Action                   |  1- 3 |  4- 6 || total
-------------------------+-------+-------++-------
Melee: Unarmed           |    47 |       ||    47
       Headbutt          |     5 |    12 ||    17
       Punch             |     1 |     2 ||     3
       Short sword       |    27 |   120 ||   147
  Use: Potion            |     2 |     3 ||     5
       Scroll            |       |     4 ||     4
  Eat: Chunk             |       |     5 ||     5
Armor: Robe              |    17 |    20 ||    37
Dodge: Dodged            |    80 |    74 ||   154
